 Dungeon Crawl Stone Soup version 0.24.0 (webtiles) character file.

Game seed: 12194789759580350496, levelgen mode: deterministic

112 KINGKRU the Skirmisher (level 4, -1/41 HPs)
             Began as a Hill Orc Fighter on Apr 3, 2020.
             Killed by nerve-wracking pain
             ... invoked by Grinder
              (5 damage)
             ... on level 4 of the Dungeon.
             The game lasted 00:11:21 (1744 turns).

KINGKRU the Skirmisher (Hill Orc Fighter)           Turns: 1744, Time: 00:11:24

Health: -1/41      AC:  8    Str: 18 (19) XL:     4   Next: 95%
Magic:  4/4        EV:  7    Int:  7 (8)  God:
Gold:   110        SH:  9    Dex: 10      Spells: 3/3 levels left

rFire    . . .     SeeInvis .   a - +1 war axe
rCold    . . .     Gourm    .   c - +0 shield
rNeg     . . .     Faith    .   b - +0 scale mail
rPois    .         Spirit   .   i - +0 helmet
rElec    .         Reflect  .   (no cloak)
rCorr    .         Harm     .   (no gloves)
MR       .....                  (no boots)
Stlth    ..........             k - amulet of regeneration
HPRegen  0.53/turn              (no ring)
MPRegen  0.09/turn              (no ring)

@: no status effects
A: no striking features
a: no special abilities


You were on level 4 of the Dungeon.
You were not hungry.

You visited 1 branch of the dungeon, and saw 4 of its levels.

You collected 110 gold pieces.

Inventory:

Hand Weapons
 a - a +1 war axe (weapon)
Armour
 b - a +0 scale mail (worn)
 c - a +0 shield (worn)
 i - a +0 helmet (worn)
Jewellery
 k - an amulet of regeneration (around neck)
Wands
 g - a wand of flame (15)
Scrolls
 e - 3 scrolls of identify
 j - 3 scrolls of teleportation
Potions
 d - a potion of might
 l - a potion of heal wounds
Comestibles
 f - 5 rations


   Skills:
 + Level 4.5 Fighting
 + Level 4.3 Axes
 + Level 3.7 Armour
 + Level 0.2 Dodging
 + Level 4.1 Shields


You had 3 spell levels left.
You didn't know any spells.
Your spell library was empty.

Dungeon Overview and Level Annotations

Branches:
Dungeon (4/15)
 Temple: D:4-7

Altars:
Cheibriados
Sif Muna

Annotations:
D:4 Grinder


Message History

You resist with significant effort.
Your shield and scale mail prevent you from hitting Grinder.
Grinder is moderately wounded.
Grinder says, "Wait up."
Grinder hits you!
You writhe in agony.
You hit Grinder.
Grinder is moderately wounded.
You block Grinder's attack.
Your shield and scale mail prevent you from hitting Grinder.
Grinder is moderately wounded.
Grinder gestures at you. Pain shoots through your body!
You closely miss Grinder.
Grinder is moderately wounded.
Grinder gestures at you. Pain shoots through your body!
* * * LOW HITPOINT WARNING * * *
Grinder gestures at you. Pain shoots through your body!
You die...

.. #.#
##+##.#
####..
#.....#
.....
+.....#
....
#.....# ...
#...5.# ..#
#...@.# ..#
#.....##..#
+.(.......#
#.....†...#
#.....†...#
#.....#####
#.....#
#...<..
#......


You could see Grinder.

Vanquished Creatures
  Jessica (D:2)
  2 adders (D:2)
  2 worms (D:2)
  3 dart slugs
  A leopard gecko (D:1)
  4 orcs (D:3)
  5 giant cockroaches
  5 goblins (D:2)
  7 hobgoblins
  2 jackals (D:4)
  3 kobolds
  A quokka (D:3)
  6 bats
  2 frilled lizards (D:1)
  5 rats
49 creatures vanquished.

Notes
Turn   | Place    | Note
-------+----------+-------------------------------------------
     0 | D:1      | KINGKRU the Hill Orc Fighter began the quest for the Orb.
     0 | D:1      | Reached XP level 1. HP: 19/19 MP: 1/1
   170 | D:1      | Found a snail-covered altar of Cheibriados.
   190 | D:1      | Reached XP level 2. HP: 27/27 MP: 2/2
   572 | D:1      | Reached XP level 3. HP: 24/33 MP: 3/3
   799 | D:2      | Found a faded altar of an unknown god.
  1055 | D:2      | Noticed Jessica
  1070 | D:2      | Killed Jessica
  1070 | D:2      | Reached XP level 4. HP: 32/41 MP: 4/4
  1478 | D:2      | Found a shimmering blue altar of Sif Muna.
  1701 | D:3      | You fall into a shaft and drop 1 floor!
  1701 | D:4      | Noticed Grinder
  1718 | D:4      | Paralysed by Grinder for 5 turns
  1727 | D:4      | Paralysed by Grinder for 6 turns
  1744 | D:4      | Killed from afar by Grinder

Levels and vault maps discovered:
D:1:      tarquinn_simple_flora_water_a, layout_basic, minivault_26,
          cheibriados_altar_1
D:2:      layout_basic, lemuel_blue_sif_altar, first_ration,
          chequers_ecumenical_altar_simple, minmay_misc_feat_diagonals,
          dk_vineyard_2, uniq_jessica
D:3:      layout_rooms
D:4:      layout_gridville, uniq_grinder, uniq_menkaure
